| TOP OF THE 1ST |
|
West Michigan Whitecaps batting - Pitching for Quad Cities River Bandits : LHP Dzintars Balodis
|
|
Pitching: LHP Dzintars Balodis
|
|
|
Batting: SHB Willie Medina
|
0-0: Ball 1-0: Fly out, F7 (Flyball, 7D, EV 94.4 MPH)
|
|
Batting: RHB Scott Carr
|
0-0: Ball 1-0: Called Strike 1-1: Ball 2-1: Swinging Strike 2-2: Strikes out swinging
|
|
Batting: LHB Dave Carlisle
|
0-0: Ball 1-0: Called Strike 1-1: SINGLE (Line Drive, 78S, EV 106.9 MPH)
|
|
Batting: LHB Jamie Christian
|
0-0: Called Strike 0-1: Ball 1-1: Called Strike 1-2: Ball 2-2: Strikes out swinging
|
| Top of the 1st over - 0 runs, 1 hit, 0 errors, 1 left on base; West Michigan 0 - Quad Cities 0 |
| BOTTOM OF THE 1ST |
|
Quad Cities River Bandits batting - Pitching for West Michigan Whitecaps : RHP Rich Nunez
|
|
Pitching: RHP Rich Nunez
|
|
|
Batting: RHB Sean Mounts
|
0-0: Called Strike 0-1: Ball 1-1: Foul Ball, location: 2F 1-2: Hit by Pitch
|
|
Batting: LHB Daigo Ishii
|
0-0: Called Strike 0-1: Ball 1-1: Foul Ball, location: 2F 1-2: Foul Ball, location: 2F 1-2: Foul Ball, location: 2F 1-2: Strikes out swinging
|
|
Batting: LHB Danny Wolver
|
0-0: Called Strike 0-1: Foul Ball, location: 2F 0-2: Strikes out swinging
|
|
Batting: LHB Josh Birkner
|
0-0: SINGLE (Groundball, 6MD, EV 101.2 MPH) Sean Mounts to second
|
|
Batting: LHB Bob Govella
|
0-0: Ball 1-0: Called Strike 1-1: Fly out, F8 (Flyball, 8LXD, EV 85.6 MPH)
|
| Bottom of the 1st over - 0 runs, 1 hit, 0 errors, 2 left on base; West Michigan 0 - Quad Cities 0 |
| TOP OF THE 2ND |
|
West Michigan Whitecaps batting - Pitching for Quad Cities River Bandits : LHP Dzintars Balodis
|
|
Batting: RHB Joe Zimmerman
|
0-0: Ball 1-0: Ball 2-0: Foul Ball, location: 2F 2-1: Swinging Strike 2-2: Strikes out swinging
|
|
Batting: RHB German Quiroga
|
0-0: Ball 1-0: Ball 2-0: Called Strike 2-1: Fly out, F7 (Flyball, 78S, EV 80.6 MPH)
|
|
Batting: LHB Jon Pedlar
|
0-0: Ball 1-0: Foul Ball, location: 2F 1-1: Ball 2-1: Ball 3-1: Foul Ball, location: 2F 3-2: Strikes out looking
|
| Top of the 2nd over - 0 runs, 0 hits, 0 errors, 0 left on base; West Michigan 0 - Quad Cities 0 |
| BOTTOM OF THE 2ND |
|
Quad Cities River Bandits batting - Pitching for West Michigan Whitecaps : RHP Rich Nunez
|
|
Batting: RHB Kieron Clark
|
0-0: Called Strike 0-1: Foul Ball, location: 2F 0-2: Foul Ball, location: 2F 0-2: Foul Ball, location: 2F 0-2: Strikes out swinging
|
|
Batting: LHB Fernando Gomez
|
0-0: Swinging Strike 0-1: Ball 1-1: Swinging Strike 1-2: Foul Ball, location: 2F 1-2: Ball 2-2: Strikes out swinging
|
|
Batting: RHB Reginald McDougall
|
0-0: Ball 1-0: Swinging Strike 1-1: Ground out U3 (Groundball, 3, EV 82.5 MPH)
|
| Bottom of the 2nd over - 0 runs, 0 hits, 0 errors, 0 left on base; West Michigan 0 - Quad Cities 0 |
| TOP OF THE 3RD |
|
West Michigan Whitecaps batting - Pitching for Quad Cities River Bandits : LHP Dzintars Balodis
|
|
Batting: LHB Steve Herrera
|
0-0: Foul Ball, location: 2F 0-1: Ball 1-1: Foul Ball, location: 2F 1-2: SINGLE (Groundball, 56D, EV 100.0 MPH)
|
|
Batting: RHB Yaremka Rzhevsky
|
0-0: Ball 1-0: Foul Ball, location: 2F 1-1: Fly out, F8 (Flyball, 8LS, EV 75.6 MPH)
|
|
Batting: SHB Willie Medina
|
0-0: Ball 1-0: Called Strike 1-1: Foul Ball, location: 2F 1-2: Strikes out swinging
|
|
Batting: RHB Scott Carr
|
0-0: Ball 1-0: Ball 2-0: Ball 3-0: Called Strike 3-1: Called Strike 3-2: Foul Ball, location: 2F 3-2: SINGLE (Groundball, 4M, EV 98.8 MPH) (infield hit) Steve Herrera to second
|
|
Batting: LHB Dave Carlisle
|
0-0: Ball 1-0: Ball 2-0: Called Strike 2-1: Called Strike 2-2: Foul Ball, location: 2F 2-2: Ball 3-2: Strikes out swinging
|
| Top of the 3rd over - 0 runs, 2 hits, 0 errors, 2 left on base; West Michigan 0 - Quad Cities 0 |
| BOTTOM OF THE 3RD |
|
Quad Cities River Bandits batting - Pitching for West Michigan Whitecaps : RHP Rich Nunez
|
|
Batting: RHB Ray Souza
|
0-0: Called Strike 0-1: SINGLE (Groundball, 2L, EV 69.4 MPH) (infield hit)
|
|
Batting: RHB Sean Mounts
|
0-0: Called Strike 0-1: Fly out, F9 (Flyball, 89M, EV 76.9 MPH)
|
|
Batting: LHB Daigo Ishii
|
0-0: Ball 1-0: Ball 2-0: Grounds out, U3 (Groundball, 3L, EV 96.2 MPH)
|
|
Batting: LHB Danny Wolver
|
0-0: Foul Ball, location: 2F 0-1: Ground out 4-3 (Groundball, 4D, EV 92.5 MPH)
|
| Bottom of the 3rd over - 0 runs, 1 hit, 0 errors, 1 left on base; West Michigan 0 - Quad Cities 0 |
| TOP OF THE 4TH |
|
West Michigan Whitecaps batting - Pitching for Quad Cities River Bandits : LHP Dzintars Balodis
|
|
Batting: LHB Jamie Christian
|
0-0: Ball 1-0: Fly out, F8 (Flyball, 8LM, EV 79.4 MPH)
|
|
Batting: RHB Joe Zimmerman
|
0-0: Called Strike 0-1: Ball 1-1: Fly out, F7 (Flyball, 7, EV 83.8 MPH)
|
|
Batting: RHB German Quiroga
|
0-0: Foul Ball, location: 2F 0-1: Ball 1-1: Fly out, F8 (Line Drive, 8RD, EV 91.9 MPH)
|
| Top of the 4th over - 0 runs, 0 hits, 0 errors, 0 left on base; West Michigan 0 - Quad Cities 0 |
| BOTTOM OF THE 4TH |
|
Quad Cities River Bandits batting - Pitching for West Michigan Whitecaps : RHP Rich Nunez
|
|
Batting: LHB Josh Birkner
|
0-0: Fly out, F7 (Flyball, 7S, EV 88.1 MPH)
|
|
Batting: LHB Bob Govella
|
0-0: Ball 1-0: Ground out 5-3 (Groundball, 56, EV 103.8 MPH)
|
|
Batting: RHB Kieron Clark
|
0-0: Foul Ball, location: 2F 0-1: SINGLE (Groundball, 34D, EV 103.1 MPH)
|
|
Batting: LHB Fernando Gomez
|
0-0: Swinging Strike 0-1: Ball 1-1: Swinging Strike 1-2: Ball 2-2: Ball 3-2: Strikes out swinging
|
| Bottom of the 4th over - 0 runs, 1 hit, 0 errors, 1 left on base; West Michigan 0 - Quad Cities 0 |
| TOP OF THE 5TH |
|
West Michigan Whitecaps batting - Pitching for Quad Cities River Bandits : LHP Dzintars Balodis
|
|
Batting: LHB Jon Pedlar
|
0-0: Ball 1-0: Ball 2-0: Ball 3-0: Base on Balls
|
|
Batting: LHB Steve Herrera
|
0-0: Fielders Choice at 2nd, 6-4 (Groundball, 6, EV 99.4 MPH)
|
|
Batting: RHB Yaremka Rzhevsky
|
0-0: SINGLE (Line Drive, 56, EV 100.6 MPH) Steve Herrera to second
|
|
Batting: SHB Willie Medina
|
0-0: Ball 1-0: Fly out, F6 (Popup, 6, EV 71.9 MPH)
|
|
Batting: RHB Scott Carr
|
0-0: Called Strike 0-1: Ball 1-1: Foul Ball, location: 2F 1-2: Fly out, F9 (Flyball, 9, EV 89.4 MPH)
|
| Top of the 5th over - 0 runs, 1 hit, 0 errors, 2 left on base; West Michigan 0 - Quad Cities 0 |
| BOTTOM OF THE 5TH |
|
Quad Cities River Bandits batting - Pitching for West Michigan Whitecaps : RHP Rich Nunez
|
|
Batting: RHB Reginald McDougall
|
0-0: Ball 1-0: Foul Ball, location: 2F 1-1: Ball 2-1: Ball 3-1: Base on Balls
|
|
Batting: RHB Ray Souza
|
0-0: Foul Ball, location: 2F 0-1: Foul Ball, location: 2F 0-2: Ball 1-2: Ball 2-2: Foul Ball, location: 2F 2-2: Grounds into double play, 6-4-3 (Groundball, 6S, EV 77.5 MPH)
|
|
Batting: RHB Sean Mounts
|
0-0: Ball 1-0: Called Strike 1-1: Ball 2-1: Foul Ball, location: 2F 2-2: Ball 3-2: Foul Ball, location: 2F 3-2: Foul Ball, location: 2F 3-2: Base on Balls
|
|
Batting: LHB Daigo Ishii
|
0-0: Ball 1-0: Fielders Choice at 2nd, 6-4 (Groundball, 6MD, EV 88.1 MPH)
|
| Bottom of the 5th over - 0 runs, 0 hits, 0 errors, 1 left on base; West Michigan 0 - Quad Cities 0 |
| TOP OF THE 6TH |
|
West Michigan Whitecaps batting - Pitching for Quad Cities River Bandits : LHP Dzintars Balodis
|
|
Batting: LHB Dave Carlisle
|
0-0: Ball 1-0: Ball 2-0: Called Strike 2-1: Foul Ball, location: 2F 2-2: Foul Ball, location: 2F 2-2: Strikes out looking
|
|
Batting: LHB Jamie Christian
|
0-0: Ball 1-0: Ball 2-0: Ball 3-0: Called Strike 3-1: Foul Ball, location: 2F 3-2: Strikes out looking
|
|
Batting: RHB Joe Zimmerman
|
0-0: Ball 1-0: Ball 2-0: Foul Ball, location: 2F 2-1: Ball 3-1: Ground out 3-1 (Groundball, 34S, EV 85.6 MPH)
|
| Top of the 6th over - 0 runs, 0 hits, 0 errors, 0 left on base; West Michigan 0 - Quad Cities 0 |
| BOTTOM OF THE 6TH |
|
Quad Cities River Bandits batting - Pitching for West Michigan Whitecaps : RHP Rich Nunez
|
|
Batting: LHB Danny Wolver
|
0-0: Ball 1-0: Called Strike 1-1: Ball 2-1: SOLO HOME RUN (Flyball, 9D, EV 98.1 MPH), Distance : 350 ft
|
|
Batting: LHB Josh Birkner
|
0-0: Ball 1-0: Called Strike 1-1: Ground out 4-3 (Groundball, 34, EV 97.5 MPH)
|
|
Batting: LHB Bob Govella
|
0-0: Ball 1-0: Called Strike 1-1: Foul Ball, location: 2F 1-2: Ball 2-2: Ball 3-2: Strikes out swinging
|
|
Batting: RHB Kieron Clark
|
0-0: Ground out 4-3 (Groundball, 4S, EV 85.0 MPH)
|
| Bottom of the 6th over - 1 run, 1 hit, 0 errors, 0 left on base; West Michigan 0 - Quad Cities 1 |
| TOP OF THE 7TH |
|
West Michigan Whitecaps batting - Pitching for Quad Cities River Bandits : LHP Dzintars Balodis
|
|
Batting: RHB German Quiroga
|
0-0: Foul Ball, location: 2F 0-1: Ball 1-1: Ball 2-1: Reached on error, E1 (Groundball, 15S, EV 73.8 MPH)
|
|
Pitching: RHP Gabe Torres
|
|
|
Batting: LHB Jon Pedlar
|
0-0: Ball 1-0: Ground out 5-3 (Groundball, 56, EV 104.4 MPH)
|
|
Batting: LHB Steve Herrera
|
0-0: Foul Ball, location: 2F 0-1: Ball 1-1: Fly out, F7 (Flyball, 78M, EV 96.2 MPH)
|
|
Batting: RHB Yaremka Rzhevsky
|
0-0: Ball 1-0: Called Strike 1-1: Swinging Strike 1-2: Strikes out swinging
|
| Top of the 7th over - 0 runs, 0 hits, 1 error, 1 left on base; West Michigan 0 - Quad Cities 1 |
| BOTTOM OF THE 7TH |
|
Quad Cities River Bandits batting - Pitching for West Michigan Whitecaps : RHP Rich Nunez
|
|
Batting: LHB Fernando Gomez
|
0-0: Ball 1-0: Called Strike 1-1: Ball 2-1: Ball 3-1: Foul Ball, location: 2F 3-2: Base on Balls
|
|
Batting: RHB Reginald McDougall
|
0-0: Ball Fernando Gomez is caught stealing 2nd base 2-4 1-0: Ball 2-0: Ground out U3 (Groundball, 34, EV 85.6 MPH)
|
|
Batting: RHB Ray Souza
|
0-0: Fly out, F7 (Flyball, 78M, EV 83.8 MPH)
|
| Bottom of the 7th over - 0 runs, 0 hits, 0 errors, 0 left on base; West Michigan 0 - Quad Cities 1 |
| TOP OF THE 8TH |
|
West Michigan Whitecaps batting - Pitching for Quad Cities River Bandits : RHP Gabe Torres
|
|
Batting: SHB Willie Medina
|
0-0: Foul Ball, location: 2F 0-1: Ball 1-1: Ball 2-1: Called Strike 2-2: Ball 3-2: SINGLE (Groundball, 6MD, EV 96.2 MPH)
|
|
Batting: RHB Scott Carr
|
0-0: Ball 1-0: Ball 2-0: Swinging Strike 2-1: Called Strike Willie Medina steals 2nd base 2-2: Strikes out swinging
|
|
Pitching: RHP Carlos Zavala
|
|
|
Batting: LHB Dave Carlisle
|
0-0: Ball 1-0: Ball 2-0: Called Strike 2-1: SINGLE (Line Drive, 78S, EV 100.0 MPH) Willie Medina to third
|
|
Batting: LHB Jamie Christian
|
0-0: Ball 1-0: Called Strike Dave Carlisle steals 2nd base (no throw) 1-1: 3-RUN HOME RUN (Flyball, 89XD, EV 101.2 MPH), Distance : 405 ft
|
|
Batting: RHB Joe Zimmerman
|
0-0: Ball 1-0: Called Strike 1-1: Fly out, F8 (Flyball, 8RD, EV 100.6 MPH)
|
|
Batting: RHB German Quiroga
|
0-0: Ball 1-0: Ball 2-0: Ball 3-0: Called Strike 3-1: Base on Balls
|
|
Batting: LHB Jon Pedlar
|
0-0: Ball German Quiroga steals 2nd base 1-0: SINGLE (Groundball, 4M, EV 83.8 MPH) (infield hit) German Quiroga to third
|
|
Batting: LHB Steve Herrera
|
0-0: Ball 1-0: Foul Ball, location: 2F 1-1: Ball 2-1: DOUBLE (Flyball, 78XD, EV 104.4 MPH) German Quiroga scores Jon Pedlar to third
|
|
Pitching: LHP Glenn Lowther
|
|
|
Batting: RHB Yaremka Rzhevsky
|
0-0: Swinging Strike 0-1: Ball 1-1: TRIPLE (Flyball, 9LD, EV 94.4 MPH) Jon Pedlar scores Steve Herrera scores
|
|
Batting: SHB Willie Medina
|
0-0: Ball 1-0: SINGLE (Flyball, 5D, EV 89.4 MPH) Yaremka Rzhevsky scores
|
|
Batting: RHB Scott Carr
|
0-0: Ball 1-0: Ball 2-0: Called Strike 2-1: Fielders Choice at 2nd, 5-4 (Groundball, 56, EV 88.8 MPH)
|
| Top of the 8th over - 7 runs, 7 hits, 0 errors, 1 left on base; West Michigan 7 - Quad Cities 1 |
| BOTTOM OF THE 8TH |
|
Quad Cities River Bandits batting - Pitching for West Michigan Whitecaps : RHP Rich Nunez
|
|
Batting: RHB Sean Mounts
|
0-0: Foul Ball, location: 2F 0-1: Called Strike 0-2: Ball 1-2: Ground out 4-3 (Groundball, 4, EV 106.2 MPH)
|
|
Batting: LHB Daigo Ishii
|
0-0: Called Strike 0-1: Foul Ball, location: 2F 0-2: Ball 1-2: Strikes out swinging
|
|
Batting: LHB Danny Wolver
|
0-0: SINGLE (Groundball, 3, EV 94.4 MPH)
|
|
Batting: LHB Josh Birkner
|
0-0: Foul Ball, location: 2F 0-1: Ground out 4-3 (Groundball, 34D, EV 98.8 MPH)
|
| Bottom of the 8th over - 0 runs, 1 hit, 0 errors, 1 left on base; West Michigan 7 - Quad Cities 1 |
| TOP OF THE 9TH |
|
West Michigan Whitecaps batting - Pitching for Quad Cities River Bandits : LHP Glenn Lowther
|
|
Batting: LHB Dave Carlisle
|
0-0: Foul Ball, location: 2F 0-1: Foul Ball, location: 2F 0-2: Foul Ball, location: 2F 0-2: Ball 1-2: Foul Ball, location: 2F 1-2: Ground out 5-3 (Groundball, 5S, EV 68.8 MPH)
|
|
Batting: LHB Jamie Christian
|
0-0: Ball 1-0: Swinging Strike 1-1: Foul Ball, location: 2F 1-2: Ground out 1-3 (Groundball, 23, EV 67.5 MPH)
|
|
Batting: RHB Joe Zimmerman
|
0-0: Called Strike 0-1: Foul Ball, location: 2F 0-2: SINGLE (Groundball, 6D, EV 96.9 MPH)
|
|
Batting: RHB German Quiroga
|
0-0: Ball 1-0: SINGLE (Groundball, 56D, EV 95.0 MPH) Joe Zimmerman to second Runner from 2nd tries for 3rd, OUT! 7-5
|
| Top of the 9th over - 0 runs, 2 hits, 0 errors, 1 left on base; West Michigan 7 - Quad Cities 1 |
| BOTTOM OF THE 9TH |
|
Quad Cities River Bandits batting - Pitching for West Michigan Whitecaps : RHP Rich Nunez
|
|
Batting: LHB Bob Govella
|
0-0: Foul Ball, location: 2F 0-1: Ball 1-1: Foul Ball, location: 2F 1-2: DOUBLE (Line Drive, 8RD, EV 108.8 MPH)
|
|
Pitching: RHP T.J. McCullough
|
|
|
Batting: RHB Kieron Clark
|
0-0: Ball 1-0: Ball 2-0: Ground out 5-3 (Groundball, 56, EV 88.8 MPH)
|
|
Batting: LHB Fernando Gomez
|
0-0: Swinging Strike 0-1: Ground out 6-3 (Groundball, 6, EV 84.4 MPH)
|
|
Batting: RHB Reginald McDougall
|
0-0: Hit by Pitch
|
|
Batting: RHB Ray Souza
|
0-0: Swinging Strike 0-1: Foul Ball, location: 2F 0-2: Strikes out looking
|
| Bottom of the 9th over - 0 runs, 1 hit, 0 errors, 2 left on base; West Michigan 7 - Quad Cities 1 |
|